[Event "26th Zadar Open 2019"]
[Site "Zadar"]
[Date "2019.12.18"]
[Round "5.15"]
[White "Chan, Kim Yew"]
[Black "Manush Shah"]
[Result "1/2-1/2"]
[ECO "A11"]
[WhiteElo "2245"]
[BlackElo "2341"]
[Annotator "NA"]
[PlyCount "45"]
[EventDate "2019.12.15"]
[EventType "swiss"]
[EventCountry "CRO"]
[SourceTitle "playchess.com"]
[Source "ChessBase"]
[SourceQuality "1"]
[TimeControl "40/5400+30:1800+30"]

1. Nf3 d5 2. g3 c6 3. Bg2 Bg4 4. c4 e6 5. cxd5 Bxf3 $11 6. Bxf3 cxd5 7. O-O Nf6 8. Nc3 Nc6 9. d4 Qb6 10. e3 Be7 11. Qb3 Qxb3 12. axb3 O-O 13. Bd2 Bb4 14. Rfc1 Rfc8 15. Kf1 b6 16. Ke1 Kf8 17. Be2 Na5 18. Bd1 Nc6 19. Be2 Na5 20. Bd1 Nc6 21. Be2 Na5 22. Bd1 Nc6 23. Be2 1/2-1/2

[Event "26th Zadar Open 2019"]
[Site "Zadar"]
[Date "2019.12.18"]
[Round "5.16"]
[White "Vidic, Teja"]
[Black "Nester, Ihor"]
[Result "1/2-1/2"]
[ECO "C45"]
[WhiteElo "2221"]
[BlackElo "2329"]
[Annotator "NA"]
[PlyCount "84"]
[EventDate "2019.12.15"]
[EventType "swiss"]
[EventCountry "CRO"]
[SourceTitle "playchess.com"]
[Source "ChessBase"]
[SourceQuality "1"]
[TimeControl "40/5400+30:1800+30"]

1. e4 e5 2. Nf3 Nc6 3. d4 exd4 4. Nxd4 Nf6 5. Nxc6 bxc6 6. e5 Qe7 7. Qe2 Nd5 8. c4 Nb6 9. Nc3 Qe6 10. Qe4 g6 11. Bd3 Bg7 12. f4 O-O 13. O-O Ba6 14. c5 Bxd3 15. Qxd3 Nd5 16. Bd2 f6 17. exf6 Bxf6 18. Rae1 Qf5 19. Qxf5 gxf5 20. Nxd5 cxd5 21. Bc3 Bxc3 22. bxc3 Rab8 23. Rf3 Rfe8 24. Rxe8+ Rxe8 25. Rd3 c6 26. Kf2 Rb8 27. Re3 Rb5 28. Kg3 Kf7 29. Kh4 Kf6 30. h3 Rxc5 31. g4 Rc4 32. Rf3 Kg6 33. Kg3 Ra4 34. Re3 Rxa2 35. Re7 fxg4 36. hxg4 h5 37. Rxd7 hxg4 38. Kxg4 Rg2+ 39. Kf3 Rh2 40. Kg4 Rg2+ 41. Kf3 Ra2 42. Kg4 Rg2+ 1/2-1/2

[Event "26th Zadar Open 2019"]
[Site "Zadar"]
[Date "2019.12.18"]
[Round "5.17"]
[White "Plenkovic, Zdenko"]
[Black "Guttenthaler, Franz"]
[Result "1-0"]
[ECO "A11"]
[WhiteElo "2355"]
[BlackElo "2304"]
[Annotator "NA"]
[PlyCount "123"]
[EventDate "2019.12.15"]
[EventType "swiss"]
[EventCountry "CRO"]
[SourceTitle "playchess.com"]
[Source "ChessBase"]
[SourceQuality "1"]
[TimeControl "40/5400+30:1800+30"]

1. Nf3 Nf6 2. g3 d5 3. Bg2 c6 4. O-O Bg4 5. d3 e6 6. c4 Be7 7. cxd5 Bxf3 8. Bxf3 cxd5 9. Qb3 Qd7 10. Be3 Nc6 11. Rc1 O-O 12. Nd2 Rac8 13. Qa4 b6 14. Bg2 Nb4 15. Qxd7 Nxd7 16. Rxc8 Rxc8 17. a3 Na6 18. d4 Rc2 19. Rb1 Bd6 20. Kf1 Kf8 21. Ke1 Ke7 22. Kd1 Rc7 23. Nb3 Nf6 24. f3 Nd7 25. Bd2 h6 26. Bf1 Nab8 27. e3 f5 28. Nc1 Nf6 29. Nd3 Nbd7 30. a4 g5 31. a5 g4 32. f4 Ne4 33. Be1 h5 34. Ra1 Kd8 35. axb6 axb6 36. Ra6 Rb7 37. Nb4 Bxb4 38. Bxb4 Kc7 39. Bb5 Ndf6 40. Be7 Ng8 41. Bg5 Ngf6 42. Bh4 Kb8 43. Ke1 Kc7 44. Bg5 Kb8 45. Bh6 Nd6 46. Bd3 Nd7 47. Bg7 Ra7 48. Rxa7 Kxa7 49. Be5 Nc4 50. b3 Ndxe5 51. fxe5 Na5 52. Bb5 Nb7 53. Be8 Ka6 54. Kd2 b5 55. Kc3 Ka5 56. b4+ Kb6 57. Bxh5 Nd8 58. Be8 Ka6 59. Bd7 Kb6 60. Kd2 Ka6 61. Ke2 Kb6 62. Kf2 1-0

[Event "26th Zadar Open 2019"]
[Site "Zadar"]
[Date "2019.12.18"]
[Round "5.18"]
[White "Gelbenegger, Patrick"]
[Black "Martinovic, Sasa"]
[Result "0-1"]
[ECO "B92"]
[WhiteElo "2267"]
[BlackElo "2544"]
[Annotator "ChessBase"]
[PlyCount "44"]
[EventDate "2019.12.15"]
[EventType "swiss"]
[EventCountry "CRO"]
[SourceTitle "playchess.com"]
[Source "ChessBase"]
[SourceQuality "1"]
[TimeControl "40/5400+30:1800+30"]

1. e4 c5 2. Nf3 d6 3. d4 cxd4 4. Nxd4 Nf6 5. Nc3 a6 6. Be2 e5 7. Nb3 Be7 8. O-O O-O 9. Kh1 b6 10. f4 Bb7 11. Bf3 Nbd7 12. f5 Rc8 13. Qe2 b5 14. a3 Re8 15. Bg5 h6 16. Be3 d5 17. exd5 e4 18. Nxe4 Nxe4 19. Bxe4 Bd6 20. Qf3 Qh4 21. Bf4 Bxf4 22. Qxf4 Rxe4 0-1

[Event "26th Zadar Open 2019"]
[Site "Zadar"]
[Date "2019.12.18"]
[Round "5.19"]
[White "Krasteva, Beloslava"]
[Black "Galperin, Platon"]
[Result "0-1"]
[ECO "A81"]
[WhiteElo "2264"]
[BlackElo "2462"]
[Annotator "ChessBase"]
[PlyCount "82"]
[EventDate "2019.12.15"]
[EventType "swiss"]
[EventCountry "CRO"]
[SourceTitle "playchess.com"]
[Source "ChessBase"]
[SourceQuality "1"]
[TimeControl "40/5400+30:1800+30"]

1. d4 f5 2. g3 Nf6 3. Bg2 g6 4. Nh3 Bg7 5. O-O d6 6. d5 c6 7. c4 e5 8. dxe6 Bxe6 9. Qc2 O-O 10. Rd1 Qe7 11. Bf4 Rd8 12. Ng5 Na6 13. Nxe6 Qxe6 14. Nc3 h6 15. e4 fxe4 16. Nxe4 g5 17. Bd2 Nxe4 18. Bxe4 Rf8 19. Re1 Be5 20. Bc3 Qf6 21. Bxe5 dxe5 22. Rad1 Rad8 23. Rxd8 Rxd8 24. Re3 Nc5 25. Bf5 Kg7 26. b4 Na6 27. a3 Nc7 28. Kg2 Rd4 29. Bd3 g4 30. Qe2 Ne6 31. Re4 Qf3+ 32. Qxf3 gxf3+ 33. Kxf3 Ng5+ 34. Ke3 Nxe4 35. Bxe4 Rxc4 36. Bd3 Rc3 37. a4 Ra3 38. b5 Rxa4 39. bxc6 bxc6 40. f4 exf4+ 41. gxf4 Rb4 0-1

[Event "26th Zadar Open 2019"]
[Site "Zadar"]
[Date "2019.12.18"]
[Round "5.20"]
[White "Antova, Gabriela"]
[Black "Dimitrov, Vladimir"]
[Result "1-0"]
[ECO "C92"]
[WhiteElo "2314"]
[BlackElo "2285"]
[Annotator "NA"]
[PlyCount "91"]
[EventDate "2019.12.15"]
[EventType "swiss"]
[EventCountry "CRO"]
[SourceTitle "playchess.com"]
[Source "ChessBase"]
[SourceQuality "1"]
[TimeControl "40/5400+30:1800+30"]

1. e4 e5 2. Nf3 Nc6 3. Bb5 a6 4. Ba4 Nf6 5. O-O Be7 6. Re1 b5 7. Bb3 d6 8. h3 $11 O-O 9. c3 Bb7 10. d4 Nd7 11. Nbd2 Bf6 12. Nf1 exd4 13. cxd4 Na5 14. Bc2 c5 15. d5 Re8 16. Ne3 Ne5 17. Rb1 Nac4 18. Nxe5 Nxe5 19. Nf5 Bc8 20. Ng3 Ng6 21. Be3 Bg5 22. Qd2 Bxe3 23. Rxe3 Qg5 24. Kh1 Ra7 25. Ne2 Rae7 26. f4 Qh6 27. Rf1 Bg4 28. Kg1 Bc8 29. Rff3 f6 30. a4 b4 31. Bd3 Nh4 32. Rg3 f5 33. exf5 Nxf5 34. Bxf5 Bxf5 35. Rxe7 Rxe7 36. Re3 Qf6 37. Ng3 Bg6 38. Rxe7 Qxe7 39. a5 h6 40. Kf2 Qf6 41. Nf1 Bf7 42. Kg1 Qe7 43. Qd3 Qb7 44. Ne3 Be8 45. Nf5 Bg6 46. Nxd6 1-0

[Event "26th Zadar Open 2019"]
[Site "Zadar"]
[Date "2019.12.18"]
[Round "5.21"]
[White "Rogic, Davor"]
[Black "Deglmann, Ludwig"]
[Result "1-0"]
[ECO "C06"]
[WhiteElo "2485"]
[BlackElo "2261"]
[Annotator "ChessBase"]
[PlyCount "67"]
[EventDate "2019.12.15"]
[EventType "swiss"]
[EventCountry "CRO"]
[SourceTitle "playchess.com"]
[Source "ChessBase"]
[SourceQuality "1"]
[TimeControl "40/5400+30:1800+30"]

1. e4 e6 2. d4 d5 3. Nd2 Nf6 4. e5 Nfd7 5. Bd3 c5 6. c3 Nc6 7. Ne2 cxd4 8. cxd4 f6 9. exf6 Nxf6 10. Nf3 Bd6 11. O-O Qc7 12. Bd2 O-O 13. Rc1 Bd7 14. Bc3 Rac8 15. Ng3 Qb8 16. Qe2 a6 17. Ne5 Nxe5 18. dxe5 Rxc3 19. bxc3 Bxe5 20. c4 g6 21. Rb1 Bc6 22. Rfe1 Bd4 23. Kh1 Kh8 24. f3 e5 25. Qd2 e4 26. cxd5 Nxd5 27. Nxe4 Be5 28. Bc4 Nf6 29. Nxf6 Bxf6 30. Bxa6 Rd8 31. Qf2 Qc7 32. Bb5 Bd5 33. a4 Qf4 34. Qg3 1-0

[Event "26th Zadar Open 2019"]
[Site "Zadar"]
[Date "2019.12.18"]
[Round "5.22"]
[White "Khalakhan, Jurij"]
[Black "Ascic, Pero"]
[Result "0-1"]
[ECO "A28"]
[WhiteElo "2240"]
[BlackElo "2310"]
[Annotator "NA"]
[PlyCount "78"]
[EventDate "2019.12.15"]
[EventType "swiss"]
[EventCountry "CRO"]
[SourceTitle "playchess.com"]
[Source "ChessBase"]
[SourceQuality "1"]
[TimeControl "40/5400+30:1800+30"]

1. c4 Nf6 2. Nc3 e5 3. Nf3 Nc6 4. e3 d6 5. d4 Be7 6. b4 O-O 7. b5 exd4 8. exd4 Nb8 9. a4 Bg4 10. Be2 d5 11. c5 Ne4 12. Qc2 Nxc3 13. Qxc3 Nd7 14. O-O Nf6 15. Qc2 Re8 16. Bf4 Ne4 17. Ne5 Bxe2 18. Qxe2 Bf6 19. Rfe1 Bxe5 20. Bxe5 f6 21. Bf4 Qd7 22. Qc2 c6 23. f3 Ng5 24. bxc6 bxc6 25. Qd2 h6 26. h4 Nf7 27. Qd3 Nd8 28. Bxh6 Rxe1+ 29. Rxe1 Ne6 30. Bd2 Rb8 31. h5 Qf7 32. h6 gxh6 33. Bxh6 Re8 34. Kf2 Qh5 35. Bd2 Qh4+ 36. Kg1 Kf7 37. Bc3 Nf4 38. Qf1 Rg8 39. Re2 Nh3+ 0-1

[Event "26th Zadar Open 2019"]
[Site "Zadar"]
[Date "2019.12.18"]
[Round "5.23"]
[White "Sutkovic, Damir"]
[Black "Sahil, Tickoo"]
[Result "1-0"]
[ECO "A12"]
[WhiteElo "2292"]
[BlackElo "2259"]
[Annotator "NA"]
[PlyCount "77"]
[EventDate "2019.12.15"]
[EventType "swiss"]
[EventCountry "CRO"]
[SourceTitle "playchess.com"]
[Source "ChessBase"]
[SourceQuality "1"]
[TimeControl "40/5400+30:1800+30"]

1. Nf3 d5 2. c4 c6 3. b3 Nf6 4. Bb2 Bg4 5. e3 e6 6. h3 Bh5 7. d3 Qa5+ 8. Nbd2 Ba3 9. Bxa3 Qxa3 10. Qc1 Qxc1+ 11. Rxc1 h6 12. d4 Bg6 13. b4 Nbd7 14. Nb3 dxc4 15. Bxc4 Be4 16. O-O Bxf3 17. gxf3 a6 18. Na5 Ra7 19. Rfd1 O-O 20. a3 Re8 21. f4 Nb6 22. Bb3 Nbd5 23. Kg2 Ne4 24. f5 exf5 25. Bxd5 cxd5 26. Rc7 Nd6 27. a4 Kf8 28. Rd7 Re6 29. Rc1 Nc4 30. Nxc4 dxc4 31. Rxc4 Re7 32. Rc8+ Re8 33. Rcc7 Re6 34. Rxf7+ Ke8 35. Rxg7 Kd8 36. Rgd7+ Ke8 37. Rh7 Kd8 38. Rcg7 a5 39. b5 1-0

[Event "26th Zadar Open 2019"]
[Site "Zadar"]
[Date "2019.12.18"]
[Round "5.24"]
[White "de Francesco, Klaus"]
[Black "Zelic, Mladen"]
[Result "0-1"]
[ECO "D85"]
[WhiteElo "2273"]
[BlackElo "2254"]
[Annotator "NA"]
[PlyCount "62"]
[EventDate "2019.12.15"]
[EventType "swiss"]
[EventCountry "CRO"]
[SourceTitle "playchess.com"]
[Source "ChessBase"]
[SourceQuality "1"]
[TimeControl "40/5400+30:1800+30"]

1. d4 Nf6 2. c4 g6 3. Nc3 d5 4. cxd5 Nxd5 5. Bd2 Bg7 6. e4 Nxc3 7. Bxc3 O-O 8. Qd2 c5 9. d5 e6 10. Bxg7 Kxg7 11. d6 e5 12. h4 h6 13. Rc1 Be6 14. Rxc5 Nd7 15. Rc7 Nf6 16. f3 Ne8 17. Rxb7 Nxd6 18. Rb4 Qa5 19. a3 Rfd8 20. Qe3 Rab8 21. Kf2 Rxb4 22. axb4 Qxb4 23. Qxa7 Qxb2+ 24. Kg3 Qc3 25. Ne2 Nxe4+ 26. Kh2 Qc5 27. Qa1 Nf2 28. Rg1 Nd3 29. Qa4 Qf2 30. Ng3 Rd4 31. Qa5 Rxh4# 0-1

[Event "26th Zadar Open 2019"]
[Site "Zadar"]
[Date "2019.12.18"]
[Round "5.25"]
[White "Stocko, Josip"]
[Black "Hrescak, Ivana"]
[Result "1-0"]
[ECO "B90"]
[WhiteElo "2267"]
[BlackElo "2194"]
[Annotator "NA"]
[PlyCount "79"]
[EventDate "2019.12.15"]
[EventType "swiss"]
[EventCountry "CRO"]
[SourceTitle "playchess.com"]
[Source "ChessBase"]
[SourceQuality "1"]
[TimeControl "40/5400+30:1800+30"]

1. e4 c5 2. Nf3 d6 3. d4 cxd4 4. Nxd4 Nf6 5. Nc3 a6 6. h3 e5 7. Nde2 h5 8. g3 Be7 9. Bg2 b5 10. O-O Bb7 11. Kh2 Nbd7 12. Be3 Rc8 13. a4 b4 14. Nd5 Bxd5 15. exd5 Nb6 16. b3 Nbd7 17. a5 Qc7 18. Qd2 O-O 19. Rfc1 Rb8 20. c3 Qb7 21. Ra4 bxc3 22. Rxc3 Qb5 23. Nc1 Rbc8 24. Rc6 Rb8 25. Qd3 Qxd3 26. Nxd3 Rxb3 27. Nb4 Kh7 28. Rxa6 Re8 29. Ra7 Bd8 30. Nc6 Kg6 31. a6 Nb6 32. Bxb6 Rxb6 33. Ra8 Nd7 34. Rxd8 Rxd8 35. Nxd8 Rb8 36. Nc6 Rh8 37. a7 Nb6 38. Rb4 Na8 39. Rb8 Kh7 40. Nd8 1-0

[Event "26th Zadar Open 2019"]
[Site "Zadar"]
[Date "2019.12.19"]
[Round "6.1"]
[White "Brkic, Ante"]
[Black "Mosesov, Danyil"]
[Result "1/2-1/2"]
[ECO "C77"]
[WhiteElo "2576"]
[BlackElo "2290"]
[Annotator "RC"]
[PlyCount "97"]
[EventDate "2019.12.15"]
[EventType "swiss"]
[EventCountry "CRO"]
[SourceTitle "playchess.com"]
[Source "ChessBase"]
[SourceQuality "1"]
[TimeControl "40/5400+30:1800+30"]

1. e4 e5 2. Nf3 Nc6 3. Bb5 a6 4. Ba4 Nf6 5. Nc3 Bc5 6. O-O O-O 7. d3 d6 8. Bxc6 bxc6 9. Be3 Bb6 10. h3 Qe7 11. Qd2 h6 12. Rae1 Rb8 13. Bxb6 cxb6 14. Ne2 c5 15. Ng3 Nh7 16. Nh2 Qg5 17. Nf3 Qe7 18. c3 Be6 19. b3 Qf6 20. Qe3 Ng5 21. Nxg5 hxg5 22. f3 Rfc8 23. Rd1 b5 24. d4 cxd4 25. cxd4 exd4 26. Qxd4 Qxd4+ 27. Rxd4 Rc2 28. Rf2 Rbc8 29. Rfd2 Rxd2 30. Rxd2 Rc6 31. Ne2 Kf8 32. Nd4 Rc1+ 33. Kf2 Ke7 34. Rc2 Ra1 35. Nc6+ Kf6 36. Ke3 Rd1 37. Ke2 Rg1 38. Kf2 Ra1 39. Ke2 Rg1 40. Ke3 Rd1 41. Rd2 Re1+ 42. Kf2 Rc1 43. Nd4 Ke7 44. Rc2 Ra1 45. Ke3 Kf6 46. Rd2 Re1+ 47. Re2 Rd1 48. Rc2 Ra1 49. Rd2 1/2-1/2

[Event "26th Zadar Open 2019"]
[Site "Zadar"]
[Date "2019.12.19"]
[Round "6.2"]
[White "Dev, Shah"]
[Black "Blohberger, Felix"]
[Result "1/2-1/2"]
[ECO "E46"]
[WhiteElo "2242"]
[BlackElo "2434"]
[Annotator "ChessBase"]
[PlyCount "76"]
[EventDate "2019.12.15"]
[EventType "swiss"]
[EventCountry "CRO"]
[SourceTitle "playchess.com"]
[Source "ChessBase"]
[SourceQuality "1"]
[TimeControl "40/5400+30:1800+30"]

1. d4 Nf6 2. c4 e6 3. Nc3 Bb4 4. e3 O-O 5. Nge2 c6 6. a3 Ba5 7. Ng3 d5 8. Bd2 Nbd7 9. f4 Bxc3 10. Bxc3 b6 11. Be2 Ba6 12. b3 c5 13. O-O cxd4 14. Bxd4 Rc8 15. cxd5 Bxe2 16. Qxe2 Nxd5 17. Rfd1 Qe7 18. Bxg7 Kxg7 19. Rxd5 f5 20. Rd2 Nf6 21. Rad1 Rfd8 22. b4 Rxd2 23. Qxd2 Rc7 24. Qd4 Rd7 25. Qa1 Rxd1+ 26. Qxd1 Qc7 27. Ne2 Kf7 28. Qd3 a5 29. Nc3 axb4 30. axb4 Qa7 31. h3 Qa3 32. Qd4 Qa1+ 33. Kh2 Qe1 34. Qd3 Ng4+ 35. hxg4 Qh4+ 36. Kg1 Qe1+ 37. Kh2 Qh4+ 38. Kg1 Qe1+ 1/2-1/2

[Event "26th Zadar Open 2019"]
[Site "Zadar"]
[Date "2019.12.19"]
[Round "6.6"]
[White "Bratovic, Blaz"]
[Black "Bhambure, Shantanu"]
[Result "0-1"]
[ECO "E00"]
[WhiteElo "2359"]
[BlackElo "2340"]
[Annotator "ChessBase"]
[PlyCount "60"]
[EventDate "2019.12.15"]
[EventType "swiss"]
[EventCountry "CRO"]
[SourceTitle "playchess.com"]
[Source "ChessBase"]
[SourceQuality "1"]
[TimeControl "40/5400+30:1800+30"]

1. d4 Nf6 2. c4 e6 3. g3 Bb4+ 4. Bd2 a5 5. Bg2 O-O 6. Nc3 d6 7. e3 e5 8. Nge2 Re8 9. O-O c6 10. Qc2 Nbd7 11. a3 Bxc3 12. Nxc3 Nf8 13. h3 e4 14. b4 Be6 15. Ne2 axb4 16. axb4 d5 17. Nf4 Bd7 18. Rxa8 Qxa8 19. c5 g5 20. Ne2 Ng6 21. Bc3 h5 22. Ra1 Qc8 23. Kh2 h4 24. gxh4 Nxh4 25. Rg1 Kg7 26. Bh1 Qb8+ 27. Ng3 Rh8 28. Qd1 Bxh3 29. f3 Nxf3+ 30. Bxf3 Bg4+ 0-1

[Event "26th Zadar Open 2019"]
[Site "Zadar"]
[Date "2019.12.19"]
[Round "6.7"]
[White "Dixit, Nikhil"]
[Black "Nguyen, Piotr"]
[Result "1-0"]
[ECO "B27"]
[WhiteElo "2318"]
[BlackElo "2413"]
[Annotator "RC"]
[PlyCount "85"]
[EventDate "2019.12.15"]
[EventType "swiss"]
[EventCountry "CRO"]
[SourceTitle "playchess.com"]
[Source "ChessBase"]
[SourceQuality "1"]
[TimeControl "40/5400+30:1800+30"]

1. e4 c5 2. Nf3 g6 3. d4 cxd4 4. Qxd4 Nf6 5. Bb5 a6 6. Ba4 b5 7. Bb3 Nc6 8. Qd3 Bg7 9. O-O O-O 10. Nc3 Bb7 11. Re1 d6 12. Bg5 Rc8 13. Nd5 e6 14. Nxf6+ Bxf6 15. Qe3 Na5 16. c3 Nc4 17. Bxf6 Qxf6 18. Bxc4 Rxc4 19. Nd2 Rc5 20. Nb3 Re5 21. Qd4 Qf4 22. Qxd6 Rxe4 23. Qxf4 Rxf4 24. Nc5 Rb8 25. Red1 Rc4 26. Nd7 Rbc8 27. Nb6 Bd5 28. Nxc8 Rxc8 29. Rd4 Bc6 30. f4 Bd5 31. a4 Kg7 32. axb5 axb5 33. Ra5 Rc5 34. Ra7 Kf6 35. Kf2 h5 36. g3 e5 37. fxe5+ Kxe5 38. Ke3 Be6 39. Rb7 Bd5 40. Rb6 Bc6 41. Kd2 Bd5 42. b4 Rc4 43. Kd3 1-0

[Event "26th Zadar Open 2019"]
[Site "Zadar"]
[Date "2019.12.19"]
[Round "6.8"]
[White "Peng, Hongchi"]
[Black "Rudolf, Michal"]
[Result "0-1"]
[ECO "E20"]
[WhiteElo "2271"]
[BlackElo "2328"]
[Annotator "ChessBase"]
[PlyCount "64"]
[EventDate "2019.12.15"]
[EventType "swiss"]
[EventCountry "CRO"]
[SourceTitle "playchess.com"]
[Source "ChessBase"]
[SourceQuality "1"]
[TimeControl "40/5400+30:1800+30"]

1. d4 Nf6 2. c4 e6 3. Nc3 Bb4 4. f3 d5 5. a3 Be7 6. e4 dxe4 7. fxe4 e5 8. d5 Bc5 9. Nf3 Bg4 10. Qa4+ Nbd7 11. Bd2 O-O 12. O-O-O Bd4 13. Qc2 c6 14. Be2 Rc8 15. Bg5 Bxc3 16. dxc6 bxc6 17. bxc3 Qa5 18. a4 Rb8 19. Kd2 Nc5 20. Bxf6 gxf6 21. Ke1 Nxa4 22. Kf2 Rb2 23. Qc1 Qxc3 24. Rd6 Rfb8 25. Rhd1 Qxc1 26. Rxc1 Nc5 27. Ke1 R8b3 28. Kf1 Re3 29. Bd1 Nxe4 30. Rxc6 Bxf3 31. gxf3 Rf2+ 32. Kg1 Re1# 0-1

[Event "26th Zadar Open 2019"]
[Site "Zadar"]
[Date "2019.12.19"]
[Round "6.9"]
[White "Pecnik, Leo"]
[Black "Livaic, Leon"]
[Result "0-1"]
[ECO "A28"]
[WhiteElo "2326"]
[BlackElo "2505"]
[Annotator "RC"]
[PlyCount "56"]
[EventDate "2019.12.15"]
[EventType "swiss"]
[EventCountry "CRO"]
[SourceTitle "playchess.com"]
[Source "ChessBase"]
[SourceQuality "1"]
[TimeControl "40/5400+30:1800+30"]

1. c4 e5 2. Nc3 Nc6 3. e3 Nf6 4. Nf3 Bb4 5. Qc2 Bxc3 6. Qxc3 Qe7 7. d3 d5 8. Be2 e4 9. dxe4 dxe4 10. Nd4 Ne5 11. b3 c5 12. Nb5 a6 13. Bb2 Nd3+ 14. Bxd3 exd3 15. Na3 Bf5 16. Nb1 O-O-O 17. Qe5 Be6 18. Nd2 h5 19. Qg5 Rh6 20. Qxg7 Ng4 21. h3 Rg6 22. Qc3 Nxf2 23. Rf1 Bxh3 24. Kxf2 Qh4+ 25. Kg1 Rxg2+ 26. Kh1 Qg3 27. Nf3 Rh2+ 28. Nxh2 Qg2# 0-1

[Event "26th Zadar Open 2019"]
[Site "Zadar"]
[Date "2019.12.19"]
[Round "6.12"]
[White "Galperin, Platon"]
[Black "Antova, Gabriela"]
[Result "1-0"]
[ECO "C24"]
[WhiteElo "2462"]
[BlackElo "2314"]
[Annotator "ChessBase"]
[PlyCount "83"]
[EventDate "2019.12.15"]
[EventType "swiss"]
[EventCountry "CRO"]
[SourceTitle "playchess.com"]
[Source "ChessBase"]
[SourceQuality "1"]
[TimeControl "40/5400+30:1800+30"]

1. e4 e5 2. Bc4 Nf6 3. d3 c6 4. Bb3 d5 5. Nf3 Bb4+ 6. Bd2 Bxd2+ 7. Qxd2 Nbd7 8. Nc3 d4 9. Ne2 Qe7 10. Ng3 g6 11. Ng5 O-O 12. h4 h5 13. a3 Nc5 14. Ba2 Be6 15. Nxe6 Nxe6 16. f3 Nf4 17. O-O-O b5 18. Nf1 Kg7 19. Nh2 c5 20. g3 Ne6 21. f4 Rac8 22. f5 Nd8 23. g4 Nxg4 24. Nxg4 hxg4 25. Rdf1 f6 26. Rhg1 gxf5 27. exf5 c4 28. Rxg4+ Kf7 29. h5 Ke8 30. h6 Nf7 31. Rg7 Qc5 32. Kb1 Ke7 33. Qg2 Kd6 34. Qg6 Ng5 35. h7 cxd3 36. cxd3 Qc2+ 37. Ka1 Qxd3 38. Rh1 Qd2 39. h8=Q Rc1+ 40. Rxc1 Qxc1+ 41. Bb1 Rxh8 42. Qxf6+ 1-0

[Event "26th Zadar Open 2019"]
[Site "Zadar"]
[Date "2019.12.19"]
[Round "6.13"]
[White "Spalir, Jernej"]
[Black "Chan, Kim Yew"]
[Result "1/2-1/2"]
[ECO "B36"]
[WhiteElo "2429"]
[BlackElo "2245"]
[Annotator "ChessBase"]
[PlyCount "70"]
[EventDate "2019.12.15"]
[EventType "swiss"]
[EventCountry "CRO"]
[SourceTitle "playchess.com"]
[Source "ChessBase"]
[SourceQuality "1"]
[TimeControl "40/5400+30:1800+30"]

1. e4 c5 2. Nf3 Nc6 3. d4 cxd4 4. Nxd4 g6 5. c4 Nf6 6. Nc3 d6 7. Be2 Nxd4 8. Qxd4 Bg7 9. Be3 O-O 10. Qd2 Be6 11. Rc1 Qa5 12. b3 Rfc8 13. f3 a6 14. Na4 Qxd2+ 15. Kxd2 Nd7 16. g4 f5 17. gxf5 gxf5 18. Rhg1 Kh8 19. Nc3 Rf8 20. Nd5 Bxd5 21. exd5 f4 22. Bf2 b5 23. cxb5 axb5 24. Bxb5 Rxa2+ 25. Rc2 Rxc2+ 26. Kxc2 Ra8 27. Ba4 Nc5 28. Bh4 Nxa4 29. bxa4 Rxa4 30. Bxe7 Be5 31. Rg5 Ra7 32. Bf8 Ra8 33. Be7 Ra7 34. Bf8 Ra8 35. Be7 Ra7 1/2-1/2

[Event "26th Zadar Open 2019"]
[Site "Zadar"]
[Date "2019.12.19"]
[Round "6.17"]
[White "Lye, Lik Zang"]
[Black "Vidic, Teja"]
[Result "1/2-1/2"]
[ECO "D02"]
[WhiteElo "2379"]
[BlackElo "2221"]
[Annotator "RC"]
[PlyCount "118"]
[EventDate "2019.12.15"]
[EventType "swiss"]
[EventCountry "CRO"]
[SourceTitle "playchess.com"]
[Source "ChessBase"]
[SourceQuality "1"]
[TimeControl "40/5400+30:1800+30"]

1. d4 d5 2. Bf4 Nf6 3. e3 e6 4. Nf3 Bd6 5. Bg3 O-O 6. Nbd2 b6 7. Bd3 c5 8. c3 Ba6 9. Bxa6 Nxa6 10. Qe2 Nb8 11. e4 Be7 12. exd5 Qxd5 13. dxc5 Qxc5 14. Ne5 Nbd7 15. Ne4 Qc8 16. O-O-O Nd5 17. h4 Nxe5 18. Bxe5 Qc6 19. Kb1 Rac8 20. g4 b5 21. g5 b4 22. Rdg1 bxc3 23. Nxc3 Nxc3+ 24. Bxc3 Qd5 25. Ka1 Rc4 26. Rd1 Qe4 27. Qxe4 Rxe4 28. Bd4 a5 29. Be3 Rb8 30. Rd7 Kf8 31. h5 Rb5 32. Rc1 Ke8 33. Ra7 Bc5 34. Ra8+ Ke7 35. Rxc5 Rxe3 36. Ra7+ Kd6 37. fxe3 Rxc5 38. a4 Rxg5 39. Rxf7 Rxh5 40. Rxg7 Kc5 41. Ka2 Re5 42. Rxh7 Rxe3 43. Rb7 Kd4 44. Rd7+ Kc5 45. Rb7 Kd4 46. b3 Re5 47. Ka3 Rd5 48. b4 axb4+ 49. Kxb4 e5 50. a5 e4 51. a6 Rd6 52. Kb5 Rxa6 53. Kxa6 e3 54. Kb5 e2 55. Re7 Kd3 56. Kb4 Kd2 57. Rd7+ Kc2 58. Re7 Kd2 59. Rxe2+ Kxe2 1/2-1/2

[Event "26th Zadar Open 2019"]
[Site "Zadar"]
[Date "2019.12.19"]
[Round "6.18"]
[White "Sutkovic, Damir"]
[Black "Rogic, Davor"]
[Result "0-1"]
[ECO "A07"]
[WhiteElo "2292"]
[BlackElo "2485"]
[Annotator "ChessBase"]
[PlyCount "78"]
[EventDate "2019.12.15"]
[EventType "swiss"]
[EventCountry "CRO"]
[SourceTitle "playchess.com"]
[Source "ChessBase"]
[SourceQuality "1"]
[TimeControl "40/5400+30:1800+30"]

1. Nf3 d5 2. d3 g6 3. g3 Bg7 4. Bg2 e5 5. O-O Ne7 6. e4 O-O 7. exd5 Nxd5 8. Re1 Nc6 9. Bg5 f6 10. Bd2 g5 11. Nc3 Nde7 12. h3 g4 13. hxg4 Bxg4 14. Qc1 Qd7 15. Bh6 Rf7 16. Ne4 Raf8 17. Nc5 Qc8 18. c3 b6 19. Nb3 f5 20. Bxg7 Rxg7 21. Nxe5 Nxe5 22. Rxe5 f4 23. Qe1 Ng6 24. Bd5+ Kh8 25. Rg5 h6 26. Rxg6 Rxg6 27. Qe5+ Rg7 28. Nd4 c5 29. Ne6 Bxe6 30. Bxe6 Qd8 31. d4 cxd4 32. cxd4 fxg3 33. fxg3 Rf3 34. Rc1 Rfxg3+ 35. Kf2 Qf8+ 36. Bf5 R3g5 37. Rc8 Qxc8 38. Bxc8 Rxe5 39. dxe5 Rc7 0-1

[Event "26th Zadar Open 2019"]
[Site "Zadar"]
[Date "2019.12.19"]
[Round "6.19"]
[White "Zelic, Mladen"]
[Black "Moksh Amit Doshi"]
[Result "1/2-1/2"]
[ECO "C36"]
[WhiteElo "2254"]
[BlackElo "2399"]
[Annotator "ChessBase"]
[PlyCount "54"]
[EventDate "2019.12.15"]
[EventType "swiss"]
[EventCountry "CRO"]
[SourceTitle "playchess.com"]
[Source "ChessBase"]
[SourceQuality "1"]
[TimeControl "40/5400+30:1800+30"]

1. e4 e5 2. f4 exf4 3. Nf3 Ne7 4. Bc4 d5 5. exd5 Nxd5 6. O-O Be7 7. Nc3 Be6 8. Qe2 Nc6 9. d4 Nxc3 10. bxc3 Bxc4 11. Qxc4 Qd6 12. Bd2 O-O 13. Rae1 Bf6 14. Re4 g5 15. h4 h6 16. hxg5 hxg5 17. g3 Rae8 18. Rfe1 Rxe4 19. Rxe4 Ne7 20. gxf4 Nd5 21. Ne5 Nxf4 22. Bxf4 gxf4 23. Rxf4 Bxe5 24. dxe5 Qd1+ 25. Kf2 Qd2+ 26. Kf3 Qd1+ 27. Kf2 Qd2+ 1/2-1/2

[Event "26th Zadar Open 2019"]
[Site "Zadar"]
[Date "2019.12.19"]
[Round "6.20"]
[White "Ascic, Pero"]
[Black "Sai Agni Jeevitesh, J."]
[Result "1/2-1/2"]
[ECO "C41"]
[WhiteElo "2310"]
[BlackElo "2301"]
[Annotator "ChessBase"]
[PlyCount "75"]
[EventDate "2019.12.15"]
[EventType "swiss"]
[EventCountry "CRO"]
[SourceTitle "playchess.com"]
[Source "ChessBase"]
[SourceQuality "1"]
[TimeControl "40/5400+30:1800+30"]

1. e4 d6 2. d4 Nf6 3. Nc3 Nbd7 4. Nf3 e5 5. Bc4 Be7 6. O-O O-O 7. h3 c6 8. a4 Qc7 9. Ba2 h6 10. Re1 Re8 11. Be3 Nf8 12. Qd2 Be6 13. Bxe6 Nxe6 14. d5 cxd5 15. Nxd5 Qc6 16. Nxf6+ Bxf6 17. Qd3 Bg5 18. Nxg5 hxg5 19. c3 Nf4 20. Bxf4 gxf4 21. Red1 Re6 22. Rd2 Rg6 23. f3 Rc8 24. Qb5 Kf8 25. Rd5 Ke7 26. Rad1 a6 27. Qb4 Re6 28. a5 b5 29. axb6 Rb8 30. Kh2 Rxb6 31. Qa3 Qc4 32. b4 Qe2 33. R5d2 Qe3 34. Rd3 Qf2 35. R3d2 Qg3+ 36. Kh1 Rc6 37. c4 Rxc4 38. Qxa6 1/2-1/2